 Dungeon Crawl Stone Soup version 0.25-a0-571-gb5e01bddfa (webtiles) character file.

Game seed: 10597422403427699269, levelgen mode: classic

7453 EnegeticOcto the Cleaver (level 10, 45/92 HPs)
             Began as a Deep Dwarf Fighter on Feb 29, 2020.
             Was a Follower of Makhleb.
             Quit the game in a bailey.
             The game lasted 00:05:31 (4529 turns).

EnegeticOcto the Cleaver (Deep Dwarf Fighter)       Turns: 4529, Time: 00:05:31

Health: 45/92      AC: 10    Str: 24    XL:     10   Next: 94%
Magic:  0/0        EV: 27    Int:  8    God:    Makhleb [*.....]
Gold:   317        SH: 11    Dex: 14    Spells: 9/9 levels left

rFire    . . .     SeeInvis .   a - +1 war axe
rCold    . . .     Gourm    .   c - +0 kite shield
rNeg     . . .     Faith    .   b - +0 scale mail
rPois    .         Spirit   .   (helmet restricted)
rElec    .         Reflect  .   (no cloak)
rCorr    .         Harm     .   (no gloves)
MR       ++...                  j - +1 pair of boots
Stlth    +.........             q - amulet of the acrobat
HPRegen  0.00/turn              x - ring of protection from magic
MPRegen  0.07/turn              (no ring)

@: acrobat, non-regenerating
A: damage resistance, heal wounds, hooves 1, horns 1, thin skeletal structure 1,
low mp 1, sense surroundings 2, no regeneration
a: Heal Wounds, Renounce Religion


You were in a bailey.
You worshipped Makhleb.
Makhleb was aware of your devotion.
You were hungry.

You visited 2 branches of the dungeon, and saw 13 of its levels.
You also visited: Sewer and Bailey.

You collected 401 gold pieces.
You spent 84 gold pieces at shops.

Inventory:

Hand Weapons
 a - a +1 war axe (weapon)
Armour
 b - a +0 scale mail (worn)
 c - a +0 kite shield (worn)
 j - a +1 pair of boots (worn)
Jewellery
 q - an amulet of the acrobat (around neck)
 x - a ring of protection from magic (left hand)
Wands
 n - a wand of flame (18)
Scrolls
 f - a scroll of enchant armour
 l - 5 scrolls of remove curse {@r6}
 p - 2 scrolls of teleportation {@r2}
 t - a scroll of fear
 v - a scroll of immolation {@r4}
Potions
 d - a potion of invisibility
 g - 4 potions of curing {@q1}
 h - 2 potions of ambrosia
 i - 3 potions of cancellation
 k - a potion of might {@q3}
 r - a potion of heal wounds {@q2}
 s - 2 potions of lignification {@q7}
Comestibles
 e - 19 rations


   Skills:
 + Level 6.7 Fighting
 * Level 10.5 Axes
 + Level 8.0 Armour
 - Level 5.5 Dodging
 + Level 8.1 Shields
 * Level 7.6 Invocations


You had 9 spell levels left.
You didn't know any spells.
Your spell library was empty.

Dungeon Overview and Level Annotations

Branches:
Dungeon (14/15)            Temple (1/1) D:7            Lair (0/6) D:11
  Sewer (visited)          Bailey (1/1)
    Orc: D:9-12      Vaults: D:13-14

Altars:
Cheibriados
Fedhas
Gozag
Makhleb
Nemelex Xobeh
Okawaru
Sif Muna
Trog
Yredelemnul
Zin
The Shining One

Shops:
D:4 ?   D:8 (

Annotations:
D:7 2 transporters, mcamara's ghost, novice DDNe
D:12 exclusion: door, Maurice


Innate Abilities, Weirdness & Mutations

You are resistant to damage.
You can heal yourself by infusing magical energy.
You passively map the area around you.
You do not regenerate.
You have large cloven feet.
You have a pair of small horns on your head.
You have a somewhat thin skeletal structure. (Dex +2, Stealth)
Your magical capacity is low. (-10% MP)


Message History

No reachable target in view!
The orc shoots a bolt.
You block the bolt.
All of the chunks of flesh in your inventory have rotted away.
You see here a bolt.
The orc shoots a bolt.
You block the bolt.
You hear a shout!
You see here a bolt.
An orc warrior comes into view. It is wielding a +0 arbalest.
An orc warrior comes into view. It is wielding a +0 arbalest.
You are feeling hungry.
The orc warrior shouts!
You hear a shout!
The orc shoots a bolt.
You block the bolt.
The orc warrior disappears!
The orc warrior moves out of view.
You see here a bolt.
An orc warrior comes into view. It is wielding a +0 arbalest.
The orc warrior shouts!
The orc shoots a bolt.
The bolt completely misses you.
Found a gate leading back out of this place.
The orc warrior disappears!
The orc warrior shoots a bolt.
The bolt hits you!!
You see here a bolt.
The orc warrior shoots a bolt.
The bolt hits you!!
You see here a bolt.
The orc warrior shoots a bolt.
The bolt completely misses you.
The orc shoots a bolt.
The bolt completely misses you.
The orc shoots a bolt.
The bolt completely misses you.
The orc warrior shoots a bolt.
You block the bolt.
You see here a bolt.
Your magical essence is drained by the effort!
You feel much better.
The orc shoots a bolt.
You block the bolt.
The orc warrior shoots a bolt.
The bolt hits you.
The orc shoots a bolt.
The bolt misses you.
The orc warrior unwields a +0 arbalest.
The orc warrior completely misses you.
You see here a bolt.
Your magical essence is drained by the effort!
You feel much better. You block the orc warrior's attack.
The orc warrior hits you.
The orc warrior shoots a bolt.
The bolt closely misses you.
The orc shoots a bolt.
The bolt completely misses you. The orc warrior completely misses you.
You see here a bolt.
You barely miss the orc warrior. The orc warrior barely misses you.
The orc warrior shoots a bolt.
You block the bolt.
The orc shoots a bolt.
The bolt hits you!
You slash the orc warrior!
The orc warrior is heavily wounded.
The orc warrior closely misses you.
You slash the orc warrior!
The orc warrior is severely wounded.
The orc warrior shoots a bolt.
The bolt hits you!!
The orc shoots a bolt.
You block the bolt. You block the orc warrior's attack.
The orc warrior shoots a bolt.
You block the bolt.
You slash the orc warrior!
You kill the orc warrior!
Makhleb accepts your kill.
The orc warrior shoots a bolt.
The bolt hits you!!
The orc warrior shoots a bolt.
You block the bolt.
The orc shoots a bolt.
The bolt completely misses you.
You see here a bolt.
The orc warrior shoots a bolt.
You block the bolt.
The orc warrior shoots a bolt.
The bolt completely misses you.
The orc shoots a bolt.
The bolt hits you but does no damage.
You see here 2 bolts.
The orc warrior shoots a bolt.
The bolt misses you.
The orc warrior shoots a bolt.
The bolt barely misses you.
The orc shoots a bolt.
You block the bolt.
You see here 2 bolts.
The orc warrior unwields a +0 arbalest.
You block the orc warrior's attack.
The orc warrior shoots a bolt.
You block the bolt.
The orc shoots a bolt.
You block the bolt.
You see here 2 bolts.
You hit the orc warrior but do no damage.
You block the orc warrior's attack.
You closely miss the orc warrior.
The orc warrior shoots a bolt.
The bolt completely misses you. The orc warrior misses you.
You miss the orc warrior. Your headbutt misses the orc warrior.
The orc warrior shoots a bolt.
The bolt hits you. You block the orc warrior's attack.
Your magical essence is drained by the effort!
You feel much better. The orc warrior hits you!
The orc warrior shoots a bolt.
The bolt completely misses you. You block the orc warrior's attack.
You see here a bolt.
The orc warrior misses you.
The orc warrior shoots a bolt.
The bolt closely misses you.
The orc warrior wields a +0 arbalest.
The orc warrior shoots a bolt.
The bolt misses you.
The orc warrior shoots a bolt.
The bolt hits you!
You see here 2 bolts.
The orc warrior shoots a bolt.
You block the bolt.
You see here a bolt.
You don't have enough innate magic capacity.
You see here a bolt.
Evoke which item? (* to show all) (? for menu, Esc to quit)
Okay, then.
Sorry, you can't set a waypoint here.
Unknown command.
You are a level 10 Deep Dwarf Fighter.
You are 94% of the way to level 11.
Play time: 00:05:29 (4529 turns) Are you sure you want to abandon this character and quit the game? (Confirm with "yes".)

, , *, * , ** *#.........
, * +, #()((...(. ,, *, *
##(........ , , , , *
#(...(..... , . , +
##.......... , , ... * ,
,##(.......... ≈ ....###*
####((..≈≈≈≈≈(.. *
≈≈......###......≈≈#.#≈≈(.
,
≈.......@.o.....≈#o.##≈..
,
,≈...............≈o.^..≈..
* ,
≈...............≈##.##≈..
≈.....(.........≈≈#.#≈≈..
.................≈≈≈≈≈...
, ,
.........................
,
.........................
.........................
, , ,, , , .......


You could see an orc warrior.

Vanquished Creatures
  A two-headed ogre (D:8)
  Pikel (D:6)
  A manticore (D:12)
  Joseph (D:8)
  Psyche (D:12)
  A gargoyle (D:11)
  A troll (D:12)
  2 hippogriffs (D:7)
  Sigmund (D:6)
  A wyvern (D:13)
  8 yaks (D:11)
  A hungry ghost (D:11)
  An ice beast (D:11)
  2 phantoms
  An orc warrior (Bailey)
  4 slaves (D:6)
  2 black bears (D:6)
  4 ogres
  2 big kobolds (D:8)
  Blork the orc (D:6)
  7 bullfrogs
  2 scorpions
  5 wights (D:7)
  3 howler monkeys
  3 crimson imps
  A bullfrog zombie (D:6)
  6 orc wizards
  2 orc priests
  4 hounds
  2 jellies (D:7)
  2 iguanas
  A worker ant (D:5)
  3 hound zombies
  A hound skeleton (D:8)
  A worker ant zombie (D:6)
  13 adders
  A shadow imp (D:12)
  10 oozes
  3 adder skeletons
  2 worms (D:2)
  2 dart slugs
  11 leopard geckos
  15 orcs
  14 giant cockroaches
  4 goblins
  3 hobgoblins
  3 jackals (D:4)
  16 kobolds
  6 quokkas
  10 ball pythons
  2 bats (D:2)
  9 frilled lizards
  3 rats
  A spectral orc (D:5)
208 creatures vanquished.

Notes
Turn   | Place    | Note
-------+----------+-------------------------------------------
     0 | D:1      | EnegeticOcto the Deep Dwarf Fighter began the quest for the
                  | Orb.
     0 | D:1      | Reached XP level 1. HP: 20/20 MP: 1/1
   126 | D:2      | Reached XP level 2. HP: 12/27 MP: 2/2
   136 | D:2      | Found a faded altar of an unknown god.
   235 | D:2      | Reached skill level 1 in Dodging
   248 | D:2      | Reached XP level 3. HP: 33/33 MP: 2/2
   380 | D:3      | Found a blossoming altar of Fedhas.
   422 | D:3      | Reached skill level 3 in Axes
   613 | D:3      | Found a glowing drain.
   673 | D:3      | Found a glowing golden altar of the Shining One.
   774 | Sewer    | Entered a sewer
   796 | Sewer    | Reached XP level 4. HP: 39/42 MP: 3/3
   941 | Sewer    | Reached XP level 5. HP: 38/49 MP: 4/4
  1089 | Sewer    | Reached skill level 4 in Axes
  1210 | D:3      | Found a blossoming altar of Fedhas.
  1303 | D:4      | Reached XP level 6. HP: 41/56 MP: 5/5
  1489 | D:4      | Found Imabal's Magic Scroll Shop.
  1496 | D:4      | Bought a scroll of magic mapping for 42 gold pieces
  1496 | D:4      | Bought a scroll of immolation for 42 gold pieces
  1931 | D:5      | Entered Level 5 of the Dungeon
  1968 | D:5      | Found a basalt altar of Yredelemnul.
  2007 | D:5      | Reached skill level 5 in Axes
  2011 | D:5      | Reached XP level 7. HP: 26/63 MP: 5/5
  2269 | D:5      | Found a sparkling altar of Nemelex Xobeh.
  2568 | D:6      | Found an opulent altar of Gozag.
  2569 | D:6      | Noticed Blork the orc
  2574 | D:6      | Reached skill level 5 in Armour
  2578 | D:6      | Reached skill level 5 in Shields
  2585 | D:6      | Killed Blork the orc
  2585 | D:6      | Reached skill level 6 in Axes
  2677 | D:6      | Reached XP level 8. HP: 36/73 MP: 5/5
  2677 | D:6      | Noticed Sigmund
  2700 | D:6      | Found a bloodstained altar of Trog.
  2717 | D:6      | Killed Sigmund
  2890 | D:6      | Reached skill level 7 in Axes
  3017 | D:6      | Noticed Pikel
  3030 | D:6      | Killed Pikel
  3030 | D:6      | Reached skill level 5 in Fighting
  3030 | D:6      | Reached skill level 5 in Dodging
  3030 | D:6      | Gained mutation: You passively map the area around you.
                  | [Deep Dwarf growth]
  3030 | D:6      | Reached XP level 9. HP: 59/81 MP: 4/4
  3285 | D:7      | Reached skill level 8 in Axes
  3500 | D:7      | Found a staircase to the Ecumenical Temple.
  3512 | Temple   | Entered the Ecumenical Temple
  3524 | Temple   | Became a worshipper of Makhleb the Destroyer
  3554 | D:7      | Reached skill level 1 in Invocations
  3673 | D:7      | Found a transporter.
  3673 | D:7      | Noticed mcamara's ghost (novice DDNe)
  3696 | D:7      | Gained mutation: Your magical capacity is low. (-10% MP)
                  | [potion of mutation]
  3696 | D:7      | Gained mutation: You have a somewhat thin skeletal
                  | structure. (Dex +2, Stealth) [potion of mutation]
  3696 | D:7      | Gained mutation: You have a pair of small horns on your
                  | head. [potion of mutation]
  3696 | D:7      | Gained mutation: You have large cloven feet. [potion of
                  | mutation]
  3705 | D:7      | Found a transporter.
  3819 | D:8      | Noticed a two-headed ogre
  3847 | D:8      | Killed a two-headed ogre
  3847 | D:8      | Reached skill level 9 in Axes
  3888 | D:8      | Noticed Joseph
  3903 | D:8      | Reached XP level 10. HP: 57/91 MP: 4/4
  3904 | D:8      | Killed Joseph
  3908 | D:8      | Reached * piety under Makhleb
  3941 | D:8      | Reached skill level 5 in Invocations
  3964 | D:8      | Found Jaisown's Weapon Shoppe.
  4009 | D:8      | You fall into a shaft and drop 3 floors!
  4062 | D:11     | Noticed a gargoyle
  4078 | D:11     | Killed a gargoyle
  4121 | D:11     | Reached skill level 10 in Axes
  4146 | D:11     | Found a flagged portal.
  4149 | D:11     | You fall into a shaft and drop 3 floors!
  4267 | D:12     | Noticed Psyche
  4277 | D:12     | Killed Psyche
  4316 | D:12     | Noticed a manticore
  4348 | D:12     | Killed a manticore
  4378 | D:12     | Noticed Maurice
  4487 | Bailey   | Entered a bailey
  4529 | Bailey   | Quit the game

Levels and vault maps discovered:
D:1:      matt_arrival_diagonals, layout_loops_ring, grunt_decor_fettered
D:2:      layout_basic, lemuel_coloured_pillars_altar,
          overflow_temple_1_default, nicolae_overflow_hidden_temple,
          chequers_ecumenical_altar_island, minmay_misc_feat_room,
          chequers_serial_rivers_small_a, trog_butcher_becter
D:3:      layout_basic, lemuel_doored_altar, lemuel_round_altar, tso_altar,
          first_ration, portal_sewer_entry_e, fedhas_altar_2
D:4:      layout_loops_ring, serial_shops, nicolae_shop_stone,
          kennysheep_generic_room_4
D:5:      layout_basic, yredelemnul_forgotten_temple_becter,
          nemelex_altar_shiori
D:6:      layout_basic, trog_ov_bears_minmay, nicolae_gozag_seed_capital,
          chequers_serial_rivers_large_a, uniq_sigmund, uniq_pikel,
          uniq_blork_the_orc
D:7:      layout_basic, minmay_temple_entry_drinking_statues,
          gammafunk_ghost_arena
D:8:      kennysheep_big_flooded_room, layout_gridville, old_standard_altar,
          marbit_many_paths, serial_shops, nicolae_shop_stone, uniq_joseph
D:11:     layout_rooms, david_lair_shrubbed, enter_bailey_2
D:12:     layout_irregular_city, gammafunk_ghost_arena,
          hangedman_pestilent_swarm, uniq_rupert, uniq_psyche, uniq_maurice
D:13:     layout_loops_ring, david_vaults_3
D:14:     layout_basic, kennysheep_another_room, uniq_agnes
Temple:   compressed_dpeg_triangle_lava_temple
Bailey:   bailey_polearm_2, bailey

Skill      XL: |  1  2  3  4  5  6  7  8  9 10 |
---------------+-------------------------------+-----
Dodging        | 1 2 3 5 |  5.5
Axes           | 3 4 5 6 7 9 10 | 10.5
Fighting       | 3 4 5 6 |  6.7
Armour         | 4 5 6 7 8 |  8.0
Shields        | 4 5 6 7 8 |  8.1
Invocations    | 4 7 |  7.6

Action                   |  1- 3 |  4- 6 |  7- 9 | 10-12 || total
-------------------------+-------+-------+-------+-------++-------
Melee: War axe           |   114 |   252 |   294 |   153 ||   813
       Headbutt          |       |       |    20 |    40 ||    60
 Abil: Heal Wounds       |     3 |     4 |    21 |    12 ||    40
Evoke: Wand              |       |       |       |    10 ||    10
  Use: Scroll            |       |     9 |     7 |     2 ||    18
       Potion            |       |       |     2 |       ||     2
  Eat: Chunk             |       |     5 |     7 |     5 ||    17
Armor: Scale mail        |    36 |   152 |   144 |    43 ||   375
Dodge: Dodged            |    48 |   124 |   175 |   106 ||   453
Block: Kite shield       |    48 |   187 |   230 |   114 ||   579

Table legend:
 A = Non-vault XP
 B = Vault XP
 C = Vault XP percentage of total XP
 D = Non-vault monster count
 E = Vault monster count
 F = Vault count percentage of total count
                 A         B        C        D         E       F
            +---------+---------+-------+---------+---------+-------
      Total |    8096 |    2552 |  24.0 |     141 |      63 |  30.9
            +---------+---------+-------+---------+---------+-------
        D:1 |       6 |       0 |   0.0 |       3 |       0 |   0.0
        D:2 |      41 |       0 |   0.0 |      13 |       0 |   0.0
        D:3 |      33 |       0 |   0.0 |      10 |       0 |   0.0
        D:4 |     104 |       2 |   1.9 |      16 |       1 |   5.9
        D:5 |     524 |       1 |   0.2 |      10 |       1 |   9.1
        D:6 |     729 |    1209 |  62.4 |      18 |       5 |  21.7
        D:7 |    1242 |       0 |   0.0 |      20 |       0 |   0.0
        D:8 |    1600 |     466 |  22.6 |      25 |       1 |   3.8
       D:11 |    2709 |       0 |   0.0 |      20 |       0 |   0.0
       D:12 |     898 |     454 |  33.6 |       5 |       1 |  16.7
       D:13 |     210 |       0 |   0.0 |       1 |       0 |   0.0
      Sewer |       0 |     290 | 100.0 |       0 |      53 | 100.0
     Bailey |       0 |     130 | 100.0 |       0 |       1 | 100.0
            +---------+---------+-------+---------+---------+-------
